 Dungeon Crawl Stone Soup version 0.31-a0-1612-g4aaf141 (webtiles) character file.

Game seed: 15832001060975898663

100 PublicAnimeNo1 the Apothecary (level 4, 0/30 HPs)
             Began as a Demonspawn Alchemist on Jan 9, 2024.
             Slain by a goblin
             ... wielding a +0 club
              (2 damage)
             ... on level 2 of the Dungeon.
             The game lasted 00:03:23 (1667 turns).

PublicAnimeNo1 the Apothecary (DsAl)                Turns: 1667, Time: 00:03:23

Health: 0/30       AC:  4    Str:  8    XL:     4   Next: 47%
Magic:  6/7        EV:  9    Int: 18    God:
Gold:   52         SH:  4    Dex: 13    Spells: 6/7 levels left

rFire   . . .        k - +0 quarterstaff
rCold   . . .        (shield currently unavailable)
rNeg    . . .        a - +0 robe
rPois   .            (no helmet)
rElec   .            (no cloak)
rCorr   .            (no gloves)
SInv    .            (no boots)
Will    .....        (no amulet)
Stlth   ++           (no ring)
HPRegen 0.25/turn    (no ring)
MPRegen 0.10/turn

%: no passive effects
@: constricted
A: claws 1, molten scales 1, condensation shield
a: no special abilities


You were on level 2 of the Dungeon.
You visited 1 branch of the dungeon, and saw 2 of its levels.

You collected 52 gold pieces.

Inventory:

Hand Weapons
 c - a +0 flail
 d - a +0 dagger
 k - a +0 quarterstaff (weapon)
Missiles
 e - 6 poisoned darts
Armour
 a - a +0 robe (worn)
Scrolls
 h - a scroll of enchant weapon {unknown}
 i - a scroll of teleportation {unknown}
 j - a scroll of fog {unknown}
Potions
 b - a potion of magic
 f - a potion of haste {unknown}
 g - 2 potions of curing {unknown}


   Skills:
 - Level 1.7 Dodging
 + Level 3.0 Stealth
 - Level 2.0 Spellcasting
 - Level 1.0 Conjurations
 * Level 4.6 Alchemy


You had 6 spell levels left.
You knew the following spells:

 Your Spells              Type           Power      Damage    Failure   Level
a - Sting                 Conj/Alch      48%        1d6       5%          1

Your spell library contained the following spells:

 Spells                   Type           Power      Damage    Failure   Level
 Mercury Vapours          Alch/Air       20%        N/A       11%         2
 Mephitic Cloud           Conj/Alch/Air  8%         N/A       26%         3
 Olgreb's Toxic Radiance  Alch           18%        N/A       26%         4
 Gell's Gravitas          Tloc           1%         N/A       47%         3
 Teleport Other           Tloc           1%         N/A       47%         3
 Sticky Flame             Fire/Alch      10%        2d5       56%         4
 Dispersal                Tloc           0%         N/A       100%        6
 Malign Gateway           Summ/Tloc      0%         N/A       100%        7
 Summon Horrible Things   Summ           0%         N/A       100%        8


Dungeon Overview and Level Annotations

Branches:
Dungeon (2/15)

Altars:
Hepliaklqana

Annotations:
D:2 1 runed translucent door, Crazy Yiuf


Innate Abilities, Weirdness & Mutations

You have sharp fingernails.
You are partially covered in molten scales. (AC +2)
A meltable shield of frost defends you. (SH +4)


Message History

Natasha is moderately wounded.
Natasha barely misses you. The goblin misses you.
Natasha mumbles some strange words.
You barely miss Natasha.
Natasha is moderately wounded.
The goblin hits you with a +0 club. Natasha claws you.
The cerulean imp hits you but does no damage.
The jackal barks!
You hit Natasha.
Natasha is severely wounded.
You block the goblin's attack. Natasha claws you but does no damage.
The cerulean imp misses you.
The jackal stops to sniff the ground.
You closely miss Natasha.
Natasha is severely wounded.
The goblin hits you with a +0 club. Natasha claws you!
The cerulean imp hits you but does no damage.
The goblin closely misses you. The endoplasm barely misses you.
Natasha closely misses you. You block the ball python's attack.
The ball python grabs you. The ball python constricts you.
You miss Natasha.
Natasha is severely wounded.
You block the cerulean imp's attack. The ball python closely misses you.
The ball python constricts you. The goblin hits you but does no damage.
The endoplasm hits you but does no damage.
Natasha stares at you and mumbles some strange words.
The magic dart hits you.
* * * LOW HITPOINT WARNING * * *
The cerulean imp hits you with a +1 spear.
* * * LOW HITPOINT WARNING * * *
You miss Natasha.
Natasha is almost dead.
You kill Natasha!
Natasha screams in fury as she dies!
The cerulean imp disappears in a puff of smoke!
The ball python barely misses you. The ball python constricts you.
* * * LOW HITPOINT WARNING * * *
The jackal bites you but does no damage.
The goblin hits you with a +0 club.
You die...

..............#.# ##.#.#.#.#.#
............#.#.# #..........
.#.#........#.#.####.#.#.#.#.#
.... #..........>......# ...
##.#####.#.#.#.#.##
#..#####..###..... ..S.
#............#.#.# #.
.###....§hS......
#.....@g##.#. #......J......
................
###........#....
............... ###.......##.
.# #.......# .. # ...###### ##


You could see an endoplasm, a jackal, a goblin and a ball python.

Vanquished Creatures
  Natasha (twice) (D:2)
  2 adders (D:2)
  2 dart slugs (D:1)
  5 endoplasms
  2 giant cockroaches (D:1)
  5 goblins
  6 hobgoblins
  4 jackals (D:1)
  6 kobolds
  A quokka (D:1)
  4 ball pythons
  2 bats (D:1)
  2 frilled lizards
  8 rats
51 creatures vanquished.

Notes
Turn   | Place    | Note
-------+----------+-------------------------------------------
     0 | D:1      | PublicAnimeNo1 the Demonspawn Alchemist began the quest for
                  | the Orb.
     0 | D:1      | Reached XP level 1. HP: 13/13 MP: 3/3
   189 | D:1      | Gained mutation: You are partially covered in molten
                  | scales. (AC +2) [demonic ancestry]
   189 | D:1      | Reached XP level 2. HP: 19/19 MP: 3/5
   653 | D:1      | Gained mutation: A meltable shield of frost defends you.
                  | (SH +4) [demonic ancestry]
   653 | D:1      | Reached XP level 3. HP: 24/24 MP: 2/6
  1238 | D:2      | Reached skill level 4 in Alchemy
  1409 | D:2      | Found a runed translucent door.
  1410 | D:2      | Noticed Crazy Yiuf
  1431 | D:2      | Found a hazy altar of Hepliaklqana.
  1432 | D:2      | Noticed Natasha
  1441 | D:2      | Killed Natasha
  1442 | D:2      | Gained mutation: You have sharp fingernails. [demonic
                  | ancestry]
  1442 | D:2      | Reached XP level 4. HP: 26/30 MP: 2/7
  1656 | D:2      | Noticed Natasha
  1667 | D:2      | Killed Natasha
  1667 | D:2      | Slain by a goblin

Illustrated notes

Levels and vault maps discovered:
D:1:      elethiomel_arrival_diamonds, layout_basic
D:2:      layout_rooms, basic_altar, st_stairs_10, grunt_ministairs_1,
          uniq_crazy_yiuf_cottage, uniq_robin, uniq_natasha

Skill      XL: |  1  2  3  4 |
---------------+-------------+-----
Stealth        | 2 3 |  3.0
Alchemy        | 4 |  4.6
Dodging        | |  1.7
Spellcasting   | |  2.0
Conjurations   | |  1.0

Action                     |  1- 3 |  4- 6 || total
---------------------------+-------+-------++-------
  Melee: Unarmed           |     6 |       ||     6
         Flail             |    25 |       ||    25
         Dagger            |    13 |    12 ||    25
         Quarterstaff      |       |     7 ||     7
   Cast: Sting             |    62 |    12 ||    74
    Use: Scroll            |     1 |       ||     1
 Armour: Robe              |    28 |    18 ||    46
  Dodge: Dodged            |    34 |    16 ||    50
  Block: Other             |     7 |     5 ||    12

Table legend: (Time is in decaauts)
 A = Elapsed time spent in this place.
 B = Non-inter-level travel time spent in this place.
 C = Inter-level travel time spent in this place.
 D = Time resting spent in this place.
 E = Time spent auto-exploring this place.
 F = Levels seen in this place.
 G = Mean time per level.
                   A        B        C        D        E       F      G
               +--------+--------+--------+--------+--------+-----+--------+
         Total |   1677 |   1671 |      6 |    156 |   1137 |   2 |  838.5 |
       Dungeon |   1677 |   1671 |      6 |    156 |   1137 |   2 |  838.5 |
               +--------+--------+--------+--------+--------+-----+--------+

Top non-repeatable levels by time:
     D:1: 1239 daAuts
     D:2: 437 daAuts
